 Dungeon Crawl Stone Soup version 0.23-b1-6-ga921848b48 (webtiles) character file.

Game seed: 828402540133044680

206 Kohma the Insei (level 5, 0/40 HPs)
             Began as a Draconian Transmuter on Feb 2, 2019.
             Slain by a goblin (3 damage)
             ... led by Robin
             ... on level 2 of the Dungeon.
             The game lasted 00:08:26 (2988 turns).

Kohma the Insei (Draconian Transmuter)              Turns: 2988, Time: 00:08:27

Health: 0/40       AC:  6    Str: 17    XL:     5   Next: 53%
Magic:  2/9        EV: 12    Int: 14    God:
Gold:   142        SH:  0    Dex: 12    Spells: 4/10 levels left

rFire    . . .     SeeInvis +     - Unarmed
rCold    . . .     Gourm    .   (no shield)
rNeg     . . .     Faith    .   (armour unavailable)
rPois    .         Spirit   .   (helmet restricted)
rElec    .         Reflect  .   s - +0 cloak
rCorr    .         Harm     .   (no gloves)
MR       .....                  (boots currently unavailable)
Stlth    +.........             (no amulet)
HPRegen  0.13/turn              p - ring of see invisible
MPRegen  0.11/turn              (no ring)

@: mighty, appendage (expiring)
A: unfitting armour, talons 3, cold-blooded, AC +5
a: End Transformation


You were on level 2 of the Dungeon.
You were not hungry.
You had grown temporary talons.
You visited 1 branch of the dungeon, and saw 3 of its levels.

You collected 142 gold pieces.

Inventory:

Missiles
 a - 42 arrows
Armour
 s - a +0 cloak (worn)
Jewellery
 i - an uncursed ring of flight {unknown}
 o - an uncursed ring of wizardry {unknown}
 p - a ring of see invisible (left hand)
 q - an uncursed amulet of magic regeneration {unknown}
 t - a cursed amulet of inaccuracy {unknown}
Scrolls
 b - a scroll of identify {unknown}
 e - a scroll of magic mapping {unknown}
 g - 4 scrolls of teleportation {unknown}
 h - a scroll of enchant armour {unknown}
 j - 2 scrolls of fear {unknown}
 k - 2 scrolls of remove curse {unknown}
 l - a scroll of enchant weapon {unknown}
 n - a scroll of amnesia {unknown}
Potions
 f - a potion of brilliance {unknown}
 r - a potion of degeneration {unknown}
Comestibles
 c - 8 rations


   Skills:
 - Level 1.1 Fighting
 - Level 1.7 Dodging
 + Level 4.5 Unarmed Combat
 - Level 3.0 Spellcasting
 + Level 3.9 Transmutations


You had 4 spell levels left.
You knew the following spells:

 Your Spells              Type           Power        Failure   Level  Hunger
a - Beastly Appendage     Tmut           ##....       4%          1    #......
b - Sticks to Snakes      Tmut           ##......     6%          2    ##.....
c - Spider Form           Tmut/Pois      #.........   28%         3    ###....

Your spell library contained the following spells:

 Spells                   Type           Power        Failure   Level  Hunger
 Ice Form                 Ice/Tmut       #.......     67%         4    #####..
 Blade Hands              Tmut           ##........   75%         5    ######.


Dungeon Overview and Level Annotations

Branches:
Dungeon (3/15)

Altars:


Innate Abilities, Weirdness & Mutations

Your plain brown scales are hard. (AC +5)
You cannot fit into any form of body armour.
You are cold-blooded and may be slowed by cold attacks.
You have claws for feet.


Message History

You barely miss the goblin. The goblin hits you with a +0 club.
* * * LOW HITPOINT WARNING * * *
Unknown command.
The goblin barely misses you.
Your transformation is almost over.
The goblin no longer looks unusually strong.
The goblin hits you with a +0 club.
* * * LOW HITPOINT WARNING * * *
Your magical contamination has completely faded away.
There is a stone staircase leading up here.
The goblin hits you but does no damage.
You climb upwards.
There is a stone staircase leading down here.
You closely miss the goblin.
Your tail-slap misses the goblin.
The goblin closely misses you.
You closely miss the goblin. Your kick misses the goblin.
The goblin misses you.
All of the chunks of flesh in your inventory have rotted away.
You barely miss the goblin. Your kick misses the goblin. The goblin hits you.
You die...

#######.#......<.....#
#..................#
#....)..............
#.................##
#.###..........#.##
#.##........#..#.#
#....###..)....#####
#.#..###......#####.
####.g@...(......'..)..
#........#.......#..##.
###.#.#...#.......##.##.
#.....#.###......###.##.
#.#.#.....###...## #..#.
#...............# ##.#.
#...............# #...
#............#### ##.#
#.....(......# ######..


You could see a goblin.

Vanquished Creatures
  A centaur skeleton (D:3)
  Crazy Yiuf (D:2)
  Robin (D:3)
  6 adders
  An ooze (D:3)
  4 worms (D:2)
  A dart slug (D:1)
  2 leopard geckos
  2 orcs
  4 bats
  8 goblins
  7 hobgoblins
  A quokka (D:2)
  6 frilled lizards
  6 kobolds
  5 rats
56 creatures vanquished.

Vanquished Creatures (collateral kills)
  Jessica (D:2)
  An orc (D:3)
  A hobgoblin (D:3)
  4 jackals (D:3)
  A bat (D:3)
  4 goblins (D:3)
12 creatures vanquished.

Grand Total: 68 creatures vanquished

Notes
Turn   | Place    | Note
-------+----------+-------------------------------------------
     0 | D:1      | Kohma the Draconian Transmuter began the quest for the Orb.
     0 | D:1      | Reached XP level 1. HP: 16/16 MP: 3/3
   584 | D:1      | Reached XP level 2. HP: 23/23 MP: 5/5
   591 | D:1      | Learned a level 2 spell: Sticks to Snakes
  1130 | D:2      | Reached XP level 3. HP: 13/28 MP: 6/6
  1227 | D:2      | Learned a level 3 spell: Spider Form
  1417 | D:2      | Reached XP level 4. HP: 9/35 MP: 5/8
  1732 | D:2      | Noticed Jessica
  1738 | D:2      | Killed Jessica
  2055 | D:2      | Reached skill level 4 in Unarmed Combat
  2325 | D:2      | Found a runed translucent door.
  2326 | D:2      | Noticed Crazy Yiuf
  2345 | D:2      | Killed Crazy Yiuf
  2345 | D:2      | Reached XP level 5. HP: 29/40 MP: 5/9
  2955 | D:3      | Noticed Robin
  2977 | D:3      | Killed Robin
  2981 | D:3      | HP: 2/40 [goblin/+0 club[Robin] (2)]
  2988 | D:2      | Slain by a goblin

Skill      XL: |  1  2  3  4 |
---------------+-------------+-----
Spellcasting   | 3 |  3.0
Transmutations | 3 |  3.9
Unarmed Combat | 4 |  4.5
Fighting       | |  1.1
Dodging        | |  1.7

Action                   |  1- 3 |  4- 6 || total
-------------------------+-------+-------++-------
Melee: Unarmed           |   122 |   103 ||   225
       Headbutt          |    13 |     4 ||    17
       Tailslap          |     8 |    10 ||    18
       Kick              |     4 |     8 ||    12
       Punch             |     1 |     1 ||     2
 Cast: Beastly Appendage |    17 |    11 ||    28
       Sticks to Snakes  |       |    11 ||    11
       Spider Form       |       |     1 ||     1
  Use: Potion            |     1 |     1 ||     2
  Eat: Chunk             |     2 |     6 ||     8
Armor: Skin              |    28 |    34 ||    62
Dodge: Dodged            |    71 |    53 ||   124
